TOP OF THE 1ST |
Akron RubberDucks batting - Pitching for Midland RockHounds : RHP Andrew Yoder
|
Pitching: RHP Andrew Yoder
|
|
Batting: LHB Corey Trevor
|
0-0: Called Strike 0-1: Swinging Strike 0-2: Ball 1-2: Foul Ball, location: 2F 1-2: Strikes out swinging
|
Batting: LHB Tim Fuller
|
0-0: Ball 1-0: Called Strike 1-1: Ball 2-1: Ball 3-1: Called Strike 3-2: Foul Ball, location: 2F 3-2: Strikes out looking
|
Batting: LHB Nick Welling
|
0-0: Swinging Strike 0-1: Called Strike 0-2: Foul Ball, location: 2F 0-2: SOLO HOME RUN (Flyball, 9D, EV 96.9 MPH), Distance : 371 ft
|
Batting: RHB Adrian Martinelli
|
0-0: Ball 1-0: Ball 2-0: Called Strike 2-1: Foul Ball, location: 2F 2-2: Strikes out looking
|
Top of the 1st over - 1 run, 1 hit, 0 errors, 0 left on base; Akron 1 - Midland 0 |
BOTTOM OF THE 1ST |
Midland RockHounds batting - Pitching for Akron RubberDucks : RHP Matt Zambon
|
Pitching: RHP Matt Zambon
|
|
Batting: SHB Brace Harper
|
0-0: Called Strike 0-1: Fly out, F6 (Line Drive, 6, EV 69.4 MPH)
|
Batting: RHB Jerry Escamilla
|
0-0: Ball 1-0: Ball 2-0: Ground out 6-3 (Groundball, 56D, EV 106.9 MPH)
|
Batting: LHB John Shults
|
0-0: Foul Ball, location: 2F 0-1: Foul Ball, location: 2F 0-2: Ground out U3 (Groundball, 3, EV 91.2 MPH)
|
Bottom of the 1st over - 0 runs, 0 hits, 0 errors, 0 left on base; Akron 1 - Midland 0 |
TOP OF THE 2ND |
Akron RubberDucks batting - Pitching for Midland RockHounds : RHP Andrew Yoder
|
Batting: RHB Andy Lewis
|
0-0: Swinging Strike 0-1: Called Strike 0-2: Ball 1-2: Ball 2-2: Strikes out swinging
|
Batting: RHB Willie Gonzales
|
0-0: Called Strike 0-1: Bunt missed! 0-2: Strikes out swinging
|
Batting: RHB Nate Singleton
|
0-0: Ground out 1-3 (Groundball, 15, EV 72.5 MPH)
|
Top of the 2nd over - 0 runs, 0 hits, 0 errors, 0 left on base; Akron 1 - Midland 0 |
BOTTOM OF THE 2ND |
Midland RockHounds batting - Pitching for Akron RubberDucks : RHP Matt Zambon
|
Batting: LHB Tommy King
|
0-0: Foul Ball, location: 2F 0-1: Ground out U3 (Groundball, 34S, EV 77.5 MPH)
|
Batting: LHB Zachary DeLuca
|
0-0: Ball 1-0: Foul Ball, location: 2F 1-1: Called Strike 1-2: SINGLE (Line Drive, 6MD, EV 94.4 MPH)
|
Batting: RHB Dave Glenn
|
0-0: Called Strike Zachary DeLuca is caught stealing 2nd base 2-4 0-1: Called Strike 0-2: Strikes out swinging, 2-3 out at first.
|
Bottom of the 2nd over - 0 runs, 1 hit, 0 errors, 0 left on base; Akron 1 - Midland 0 |
TOP OF THE 3RD |
Akron RubberDucks batting - Pitching for Midland RockHounds : RHP Andrew Yoder
|
Batting: RHB Harris Leroux
|
0-0: Swinging Strike 0-1: Ground out U3 (Groundball, 3S, EV 87.5 MPH)
|
Batting: RHB Gashie Chimsima
|
0-0: Foul Ball, location: 2F 0-1: Fly out, F8 (Line Drive, 8RD, EV 102.5 MPH)
|
Batting: LHB Corey Trevor
|
0-0: Foul Ball, location: 2F 0-1: Ground out 4-3 (Groundball, 4, EV 85.0 MPH)
|
Top of the 3rd over - 0 runs, 0 hits, 0 errors, 0 left on base; Akron 1 - Midland 0 |
BOTTOM OF THE 3RD |
Midland RockHounds batting - Pitching for Akron RubberDucks : RHP Matt Zambon
|
Batting: RHB Jonathan Lugo
|
0-0: Ball 1-0: Bunt missed! 1-1: Ball 2-1: Called Strike 2-2: Ball 3-2: Strikes out swinging
|
Batting: RHB Dan Boylan
|
0-0: Called Strike 0-1: Called Strike 0-2: Ball 1-2: Ball 2-2: Ball 3-2: Strikes out swinging
|
Batting: RHB Dunlang Clark
|
0-0: Called Strike 0-1: Foul Ball, location: 2F 0-2: Ball 1-2: Strikes out looking
|
Bottom of the 3rd over - 0 runs, 0 hits, 0 errors, 0 left on base; Akron 1 - Midland 0 |
TOP OF THE 4TH |
Akron RubberDucks batting - Pitching for Midland RockHounds : RHP Andrew Yoder
|
Batting: LHB Tim Fuller
|
0-0: Ball 1-0: Called Strike 1-1: Foul Ball, location: 2F 1-2: Ball 2-2: Ball 3-2: Foul Ball, location: 2F 3-2: Foul Ball, location: 2F 3-2: SOLO HOME RUN (Flyball, 9D, EV 96.9 MPH), Distance : 374 ft
|
Batting: LHB Nick Welling
|
0-0: Called Strike 0-1: Called Strike 0-2: Foul Ball, location: 2F 0-2: Foul Ball, location: 2F 0-2: Ball 1-2: Ball 2-2: Strikes out swinging
|
Batting: RHB Adrian Martinelli
|
0-0: Ball 1-0: Ball 2-0: Called Strike 2-1: Swinging Strike 2-2: Ball 3-2: Base on Balls
|
Batting: RHB Andy Lewis
|
0-0: Called Strike 0-1: Foul Ball, location: 2F 0-2: Strikes out swinging
|
Batting: RHB Willie Gonzales
|
0-0: Foul Ball, location: 2F 0-1: Ball 1-1: Ball 2-1: Ball 3-1: 2-RUN HOME RUN (Flyball, 9D, EV 96.2 MPH), Distance : 373 ft
|
Batting: RHB Nate Singleton
|
0-0: Ball 1-0: Called Strike 1-1: Ball 2-1: Called Strike 2-2: DOUBLE (Line Drive, 9LM, EV 109.4 MPH)
|
Batting: RHB Harris Leroux
|
0-0: Swinging Strike 0-1: Swinging Strike 0-2: Ball 1-2: Ball 2-2: Strikes out looking
|
Top of the 4th over - 3 runs, 3 hits, 0 errors, 1 left on base; Akron 4 - Midland 0 |
BOTTOM OF THE 4TH |
Midland RockHounds batting - Pitching for Akron RubberDucks : RHP Matt Zambon
|
Batting: SHB Brace Harper
|
0-0: Called Strike 0-1: Ball 1-1: DOUBLE (Flyball, 78D, EV 100.6 MPH)
|
Batting: RHB Jerry Escamilla
|
0-0: Ball 1-0: Ball 2-0: Fly out, F9 (Flyball, 9LS, EV 93.1 MPH)
|
Batting: LHB John Shults
|
0-0: Ball 1-0: Foul Ball, location: 2F 1-1: Ball 2-1: SINGLE (Flyball, 34D, EV 89.4 MPH) Brace Harper to third
|
Batting: LHB Tommy King
|
0-0: Called Strike 0-1: Ball 1-1: Ball 2-1: Ball 3-1: Called Strike 3-2: DOUBLE (Flyball, 8RXD, EV 93.8 MPH) Brace Harper scores John Shults to third Runner from 3rd tries for Home, SAFE, throw by CF to home
|
Batting: LHB Zachary DeLuca
|
0-0: Ball Tommy King is caught stealing 3rd base 2-5 1-0: Ball 2-0: SINGLE (Line Drive, 8RM, EV 91.2 MPH)
|
Batting: RHB Dave Glenn
|
0-0: Ball Zachary DeLuca steals 2nd base (no throw) 1-0: Fly out, F9 (Flyball, 89M, EV 85.0 MPH)
|
Bottom of the 4th over - 2 runs, 4 hits, 0 errors, 1 left on base; Akron 4 - Midland 2 |
TOP OF THE 5TH |
Akron RubberDucks batting - Pitching for Midland RockHounds : RHP Andrew Yoder
|
Batting: RHB Gashie Chimsima
|
0-0: Ball 1-0: Ball 2-0: Ground out 3-1 (Groundball, 34, EV 102.5 MPH)
|
Pitching: RHP Javy Rodriquez
|
|
Batting: LHB Corey Trevor
|
0-0: Foul Ball, location: 2F 0-1: Called Strike 0-2: Foul Ball, location: 2F 0-2: Foul Ball, location: 2F 0-2: Ball 1-2: DOUBLE (Line Drive, 9LM, EV 113.1 MPH)
|
Batting: LHB Tim Fuller
|
0-0: Ball 1-0: Ball 2-0: Ball 3-0: Base on Balls
|
Batting: LHB Nick Welling
|
0-0: Ball 1-0: Fly out, F9 (Line Drive, 9D, EV 99.4 MPH) Runner from 2nd tags up, SAFE at 3rd, no throw by RF
|
Batting: RHB Adrian Martinelli
|
0-0: Fly out, F9 (Flyball, 9S, EV 94.4 MPH)
|
Top of the 5th over - 0 runs, 1 hit, 0 errors, 2 left on base; Akron 4 - Midland 2 |
BOTTOM OF THE 5TH |
Midland RockHounds batting - Pitching for Akron RubberDucks : RHP Matt Zambon
|
Batting: RHB Jonathan Lugo
|
0-0: Ball 1-0: Ground out 5-3 (Groundball, 56, EV 85.6 MPH)
|
Batting: RHB Dan Boylan
|
0-0: Called Strike 0-1: Ball 1-1: Foul Ball, location: 2F 1-2: Foul Ball, location: 2F 1-2: Ground out 6-3 (Groundball, 6, EV 102.5 MPH)
|
Batting: RHB Dunlang Clark
|
0-0: Swinging Strike 0-1: Ground out U3 (Groundball, 3, EV 87.5 MPH)
|
Bottom of the 5th over - 0 runs, 0 hits, 0 errors, 0 left on base; Akron 4 - Midland 2 |
TOP OF THE 6TH |
Akron RubberDucks batting - Pitching for Midland RockHounds : RHP Javy Rodriquez
|
Batting: RHB Andy Lewis
|
0-0: Fly out, F8 (Flyball, 78D, EV 98.8 MPH)
|
Batting: RHB Willie Gonzales
|
0-0: Ground out 4-3 (Groundball, 4, EV 83.1 MPH)
|
Batting: RHB Nate Singleton
|
0-0: Ground out 6-3 (Groundball, 4MD, EV 110.6 MPH)
|
Top of the 6th over - 0 runs, 0 hits, 0 errors, 0 left on base; Akron 4 - Midland 2 |
BOTTOM OF THE 6TH |
Midland RockHounds batting - Pitching for Akron RubberDucks : RHP Matt Zambon
|
Batting: SHB Brace Harper
|
0-0: Foul Ball, location: 2F 0-1: Bunt for hit to 5S - play at first, batter safe!
|
Batting: RHB Jerry Escamilla
|
0-0: Ball Brace Harper steals 2nd base 1-0: Ball 2-0: Called Strike 2-1: Ball 3-1: Swinging Strike 3-2: Base on Balls
|
Batting: LHB John Shults
|
0-0: Called Strike 0-1: DOUBLE (Line Drive, 9LS, EV 105.0 MPH) Brace Harper scores Jerry Escamilla to third
|
Batting: LHB Tommy King
|
0-0: Ball 1-0: Called Strike 1-1: Ball 2-1: Ball Wild Pitch! Jerry Escamilla scores John Shults to third 3-1: Intentional Walk
|
Batting: LHB Zachary DeLuca
|
0-0: Ball Tommy King steals 2nd base 1-0: Foul Ball, location: 2F 1-1: Foul Ball, location: 2F 1-2: Strikes out looking
|
Batting: RHB Dave Glenn
|
0-0: Fly out, F7 (Flyball, 7D, EV 91.9 MPH) Runner from 3rd tags up, SCORES, throw by LF
|
Batting: RHB Jonathan Lugo
|
0-0: Ground out U3 (Groundball, 3S, EV 71.2 MPH)
|
Bottom of the 6th over - 3 runs, 2 hits, 0 errors, 1 left on base; Akron 4 - Midland 5 |
TOP OF THE 7TH |
Akron RubberDucks batting - Pitching for Midland RockHounds : RHP Javy Rodriquez
|
Batting: RHB Harris Leroux
|
0-0: Swinging Strike 0-1: SINGLE (Line Drive, 7S, EV 86.2 MPH)
|
Pinch Hitting: LHB Devon Grant
|
0-0: Bunt - Flyout to 15! F1
|
Batting: LHB Corey Trevor
|
0-0: Foul Ball, location: 2F 0-1: Ball 1-1: Grounds into double play, 4-6-3 (Groundball, 34D, EV 102.5 MPH)
|
Top of the 7th over - 0 runs, 1 hit, 0 errors, 0 left on base; Akron 4 - Midland 5 |
BOTTOM OF THE 7TH |
Midland RockHounds batting - Pitching for Akron RubberDucks : RHP Matt Zambon
|
Pitching: RHP Nate Souza
|
|
Now at SS: Hieronim Rutkowski
|
|
Batting: RHB Dan Boylan
|
0-0: Ball 1-0: Foul Ball, location: 2F 1-1: Ball 2-1: Called Strike 2-2: Ground out 5-3 (Groundball, 56S, EV 76.9 MPH)
|
Batting: RHB Dunlang Clark
|
0-0: SOLO HOME RUN (Flyball, 78XD, EV 100.0 MPH), Distance : 421 ft
|
Batting: SHB Brace Harper
|
0-0: Ground out 4-3 (Groundball, 4, EV 107.5 MPH)
|
Batting: RHB Jerry Escamilla
|
0-0: Foul Ball, location: 2F 0-1: Ball 1-1: Ground out 5-3 (Groundball, 56S, EV 63.8 MPH)
|
Bottom of the 7th over - 1 run, 1 hit, 0 errors, 0 left on base; Akron 4 - Midland 6 |
TOP OF THE 8TH |
Akron RubberDucks batting - Pitching for Midland RockHounds : RHP Javy Rodriquez
|
Batting: LHB Tim Fuller
|
0-0: Ball 1-0: Foul Ball, location: 2F 1-1: Foul Ball, location: 2F 1-2: Ball 2-2: Foul Ball, location: 2F 2-2: Foul Ball, location: 2F 2-2: DOUBLE (Line Drive, 78D, EV 97.5 MPH)
|
Batting: LHB Nick Welling
|
0-0: Ground out U3 (Groundball, 34, EV 91.9 MPH) Tim Fuller to third
|
Batting: RHB Adrian Martinelli
|
0-0: Ball 1-0: Foul Ball, location: 2F 1-1: Called Strike 1-2: Strikes out swinging, 2-3 out at first.
|
Batting: RHB Andy Lewis
|
0-0: Called Strike 0-1: Swinging Strike 0-2: Strikes out swinging
|
Top of the 8th over - 0 runs, 1 hit, 0 errors, 1 left on base; Akron 4 - Midland 6 |
BOTTOM OF THE 8TH |
Midland RockHounds batting - Pitching for Akron RubberDucks : RHP Nate Souza
|
Pitching: RHP En-guo Tsu
|
|
Batting: LHB John Shults
|
0-0: Called Strike 0-1: Called Strike 0-2: Ball 1-2: Strikes out looking
|
Batting: LHB Tommy King
|
0-0: Ball 1-0: Foul Ball, location: 2F 1-1: Called Strike 1-2: Ground out 6-3 (Groundball, 6, EV 81.2 MPH)
|
Batting: LHB Zachary DeLuca
|
0-0: Ball 1-0: Foul Ball, location: 2F 1-1: Ball 2-1: Ball 3-1: Foul Ball, location: 2F 3-2: Fly out, F7 (Flyball, 7LS, EV 84.4 MPH)
|
Bottom of the 8th over - 0 runs, 0 hits, 0 errors, 0 left on base; Akron 4 - Midland 6 |
TOP OF THE 9TH |
Akron RubberDucks batting - Pitching for Midland RockHounds : RHP Javy Rodriquez
|
Pitching: RHP Andrew Douglas
|
|
Batting: RHB Willie Gonzales
|
0-0: Called Strike 0-1: Called Strike 0-2: Strikes out swinging
|
Pinch Hitting: LHB Danny Moreno
|
0-0: Ball 1-0: Ball 2-0: Fly out, F7 (Flyball, 7LS, EV 77.5 MPH)
|
Batting: RHB Harris Leroux
|
0-0: Ball 1-0: Fly out, F8 (Line Drive, 8LD, EV 97.5 MPH)
|
Top of the 9th over - 0 runs, 0 hits, 0 errors, 0 left on base; Akron 4 - Midland 6 |
|